 Dungeon Crawl Stone Soup version 0.27.1-34-g3ba077fa99 (webtiles) character file.

Game seed: 12570913490776299564

1442 growler the Zephyrmancer (level 8, 0/41 HPs)
             Began as a Tengu Air Elementalist on Jan 14, 2022.
             Was an Initiate of Gozag.
             Slain by a centaur zombie (4 damage)
             ... in an ossuary.
             The game lasted 00:17:55 (7238 turns).

growler the Zephyrmancer (Tengu Air Elementalist)   Turns: 7238, Time: 00:17:55

Health: 0/41       AC:  2    Str:  9    XL:     8   Next: 74%
Magic:  8/16       EV: 14    Int: 18    God:    Gozag
Gold:   581        SH:  0    Dex: 14    Spells: 7/17 levels left

rFire    . . .     SeeInvis .   i - staff of cold
rCold    + . .     Faith    .   (no shield)
rNeg     . . .     Spirit   .   a - +0 robe
rPois    .         Reflect  .   (helmet restricted)
rElec    .         Harm     .   (no cloak)
rCorr    .         Rampage  .   (no gloves)
Will     .....                  (boots unavailable)
Stlth    ++........             (no amulet)
HPRegen  0.13/turn              (no ring)
MPRegen  0.15/turn              (no ring)

@: marked, gold aura, flying quickly and evasively, quick
A: beak, talons 3, nimble flight
a: Renounce Religion, Potion Petition, Call Merchant, Bribe Branch


You were in an ossuary.
You worshipped Gozag.
Gozag was pleased with you.
You visited 1 branch of the dungeon, and saw 5 of its levels.
You also visited: Ossuary.

You collected 592 gold pieces.
You paid 11 gold pieces to Gozag.

Inventory:

Missiles
 u - a throwing net {!f}
Armour
 a - a +0 robe (worn)
 c - a +0 cloak
   (You found it on level 1 of the Dungeon)
 v - the +1 hat "Wioch" {Rampage Dex+4}
   (You found it on level 5 of the Dungeon)

   Dex:       It affects your dexterity (+4).
   Rampage:   It bestows one free step when moving towards enemies.
Magical Staves
 i - a staff of cold (weapon)
   (You found it on level 1 of the Dungeon)
 r - a staff of fire
   (You found it on level 4 of the Dungeon)
Wands
 x - a wand of acid (3)
   (You found it on level 3 of the Dungeon)
Scrolls
 e - a scroll of identify {unknown}
 f - a scroll of noise {unknown}
 g - a scroll of teleportation {@r4}
 h - 3 scrolls of magic mapping
 j - a scroll of enchant weapon {unknown}
 m - a scroll of amnesia {unknown}
 n - a scroll of enchant armour {unknown}
 s - a scroll of holy word {unknown}
 t - a scroll of torment {unknown}
Potions
 b - 2 potions of heal wounds {@q2}
 d - a potion of berserk rage {unknown}
 k - 2 potions of brilliance {unknown}
 l - a potion of lignification {unknown}
 o - a potion of magic {unknown}
 p - a potion of mutation {unknown}


   Skills:
 - Level 2.1 Dodging
 - Level 2.0 Stealth
 - Level 5.0 Spellcasting
 + Level 8.7 Conjurations
 + Level 9.3 Air Magic


You had 7 spell levels left.
You knew the following spells:

 Your Spells              Type           Power      Damage    Failure   Level
a - Shock                 Conj/Air       100%       1d9       1%          1
b - Airstrike             Air            19%        N/A       2%          4
d - Static Discharge      Conj/Air       37%        N/A       1%          2
s - Swiftness             Air            38%        N/A       1%          3

Your spell library contained the following spells:

 Spells                   Type           Power      Damage    Failure   Level
 Freeze                   Ice            24%        1d5       13%         1
 Hailstorm                Conj/Ice       30%        3d8       22%         4
 Frozen Ramparts          Ice            12%        1d3       36%         3
 Summon Guardian Golem    Hex/Summ       4%         N/A       36%         3
 Orb of Destruction       Conj           17%        9d8       97%         7
 Spellforged Servitor     Conj/Summ      10%        N/A       100%        7


Dungeon Overview and Level Annotations

Branches:
Dungeon (5/15)            Ossuary (1/1)
 Temple: D:4-7

Altars:
Gozag
Xom

Shops:
D:1 ??

Annotations:
D:2 1 runed translucent door, Crazy Yiuf
D:5 3 runed translucent doors, cbfl8's ghost, weakling MiDe


Innate Abilities, Weirdness & Mutations

You have a beak for a mouth.
You have claws for feet.
Your magical nature lets you fly swiftly and evasively.


Message History

The centaur zombie kicks you but does no damage.
The centaur zombie is struck by an arc of lightning!
The lightning grounds out.
The centaur zombie is struck by an arc of lightning!
You are struck by an arc of lightning.
The lightning grounds out.
The centaur zombie hits you.
The centaur zombie completely misses you.
The hobgoblin zombie hits you. The centaur zombie barely misses you.
The centaur zombie misses you.
The centaur zombie is struck by an arc of lightning!
You are struck by an arc of lightning.
The hobgoblin zombie is struck by an arc of lightning!
The lightning grounds out.
The centaur zombie is struck by an arc of lightning!
You are struck by an arc of lightning.
The lightning grounds out.
The centaur zombie hits you. The centaur zombie kicks you.
* * * LOW HITPOINT WARNING * * *
The centaur zombie closely misses you.
The centaur zombie kicks you but does no damage.
A centaur zombie comes into view.
The hobgoblin zombie closely misses you.
The centaur zombie barely misses you.
The centaur zombie kicks you but does no damage.
The hobgoblin zombie is struck by an arc of lightning.
You destroy the hobgoblin zombie!
The centaur zombie is struck by an arc of lightning!
You are struck by an arc of lightning.
* * * LOW HITPOINT WARNING * * *
The lightning grounds out.
The centaur zombie hits you.
* * * LOW HITPOINT WARNING * * *
The centaur zombie misses you. x2; The centaur zombie kicks you.
* * * LOW HITPOINT WARNING * * *
The centaur zombie is struck by an arc of lightning.
You are struck by an arc of lightning.
* * * LOW HITPOINT WARNING * * *
The centaur zombie is struck by an arc of lightning.
The lightning grounds out.
The centaur zombie is struck by an arc of lightning.
You are struck by an arc of lightning.
* * * LOW HITPOINT WARNING * * *
The lightning grounds out.
The centaur zombie hits you.
* * * LOW HITPOINT WARNING * * *
The centaur zombie kicks you but does no damage.
The centaur zombie fails to trigger a net trap.
The centaur zombie hits you.
* * * LOW HITPOINT WARNING * * *
The centaur zombie kicks you but does no damage.
The centaur zombie hits you.
You die...
Your body crumbles into a pile of gold.

# #######
#.#.#.#.###########
.^................##
.Z.^^.Z............#
.^^.^.....$∩.∩.....#
..........Z@Z......#
..$....^^.........##
#.#$#.#.###########
# #####


You could see 3 centaur zombies.

Vanquished Creatures
  Pikel (D:4)
  Grinder (D:3)
  Purgy (D:4)
  2 gnoll sergeants
  3 centaur zombies (Ossuary)
  2 hounds
  A bullfrog skeleton (D:3)
  A centaur skeleton (D:4)
  Terence (D:3)
  Natasha (thrice) (D:3)
  3 mummies (Ossuary)
  3 adders
  9 gnolls
  A white imp (D:4)
  2 dart slugs (D:1)
  2 worms
  11 orcs
  4 ball pythons
  9 endoplasms
  3 giant cockroaches
  6 goblins
  7 hobgoblins
  10 jackals
  A quokka (D:1)
  6 bats
  6 frilled lizards
  4 hobgoblin zombies (Ossuary)
  6 kobolds
  2 rats (D:1)
111 creatures vanquished.

Vanquished Creatures (others)
  4 fungi (D:2)
4 creatures vanquished.

Grand Total: 115 creatures vanquished

Notes
Turn   | Place    | Note
-------+----------+-------------------------------------------
     0 | D:1      | growler the Tengu Air Elementalist began the quest for the
                  | Orb.
     0 | D:1      | Reached XP level 1. HP: 10/10 MP: 4/4
   549 | D:1      | Reached XP level 2. HP: 15/15 MP: 1/6
   613 | D:1      | Learned a level 2 spell: Static Discharge
  1022 | D:1      | Found Boeshee's Magic Scroll Emporium.
  1055 | D:1      | Found Lathina's Magic Scroll Shop.
  1255 | D:1      | Reached XP level 3. HP: 19/19 MP: 3/7
  1876 | D:1      | Learned a level 3 spell: Swiftness
  1903 | D:2      | Found an opulent altar of Gozag.
  1956 | D:2      | Became a worshipper of Gozag Ym Sagoz the Greedy
  2797 | D:2      | Reached XP level 4. HP: 24/24 MP: 5/9
  3067 | D:2      | Found a runed translucent door.
  3068 | D:2      | Noticed Crazy Yiuf
  3144 | D:3      | Reached skill level 5 in Air Magic
  3327 | D:3      | Found a faded altar of an unknown god.
  3553 | D:3      | Noticed Grinder
  3602 | D:3      | Noticed Natasha
  3607 | D:3      | Killed Natasha
  3608 | D:3      | Gained mutation: Your magical nature lets you fly swiftly
                  | and evasively. [Tengu growth]
  3608 | D:3      | Reached XP level 5. HP: 9/28 MP: 3/10
  4051 | D:3      | Noticed Terence
  4059 | D:3      | Killed Terence
  4065 | D:3      | Learned a level 4 spell: Airstrike
  4281 | D:3      | Killed Grinder
  4282 | D:3      | Reached skill level 5 in Conjurations
  4282 | D:3      | Reached skill level 6 in Air Magic
  4282 | D:3      | Reached XP level 6. HP: 30/32 MP: 0/13
  4403 | D:3      | Noticed Natasha
  4407 | D:3      | Killed Natasha
  4460 | D:3      | Noticed Natasha
  4467 | D:3      | Killed Natasha
  4775 | D:4      | Reached XP level 7. HP: 36/36 MP: 11/14
  4883 | D:4      | Found a shimmering altar of Xom.
  4895 | D:4      | Noticed Pikel
  4899 | D:4      | Killed Pikel
  4900 | D:4      | Reached skill level 5 in Spellcasting
  4900 | D:4      | Reached skill level 7 in Air Magic
  4900 | D:4      | Reached XP level 8. HP: 38/41 MP: 6/16
  5124 | D:4      | Reached skill level 8 in Air Magic
  5926 | D:4      | Noticed Purgy
  5929 | D:4      | Killed Purgy
  6172 | D:5      | Entered Level 5 of the Dungeon
  6250 | D:5      | Found a runed translucent gate.
  6250 | D:5      | Found a runed translucent gate.
  6250 | D:5      | Found a runed translucent gate.
  6294 | D:5      | Identified the +1 hat "Wioch" {Rampage Dex+4}
  6373 | D:5      | Reached skill level 9 in Air Magic
  6546 | D:5      | Found a sand-covered staircase.
  6602 | D:5      | Noticed cbfl8's ghost (weakling MiDe)
  6635 | Ossuary  | Entered an ossuary
  7238 | Ossuary  | Slain by a centaur zombie

Illustrated notes

Levels and vault maps discovered:
D:1:      evilmike_arrival_fibonacci_small, layout_basic, serial_shops,
          shop_scrolls, shop, grunt_decor_arrowhead
D:2:      layout_basic, basic_altar, grunt_ministairs_9,
          kennysheep_generic_room_5, uniq_crazy_yiuf_cottage
D:3:      layout_rooms, chequers_ecumenical_altar_simple_redux, st_stairs_2,
          hex_large, uniq_grinder, uniq_natasha, uniq_terence
D:4:      layout_gridville, mainiacjoe_overflow_chevrons,
          minmay_misc_feat_four_crosses, grunt_ministairs_8, dk_vineyard_1,
          lightli_minifort, uniq_pikel, uniq_purgy
D:5:      layout_basic, grunt_qazlal_clouds, enter_ossuary_3,
          gammafunk_ghost_icy, minmay_misc_feat_tiny
Ossuary:  ossuary_the_hunt_dpeg

Skill      XL: |  1  2  3  4  5  6  7  8 |
---------------+-------------------------+-----
Conjurations   | 2 3 5 7 8 |  8.7
Air Magic      | 5 6 7 9 |  9.3
Spellcasting   | 3 4 5 |  5.0
Dodging        | |  2.1
Stealth        | |  2.0

Action                   |  1- 3 |  4- 6 |  7- 9 || total
-------------------------+-------+-------+-------++-------
Melee: Unarmed           |    12 |       |       ||    12
       Kick              |     5 |     8 |     2 ||    15
       Staff             |     4 |    23 |     8 ||    35
       Peck              |     2 |     1 |     2 ||     5
 Cast: Shock             |    85 |     7 |    18 ||   110
       Static Discharge  |     7 |    29 |    27 ||    63
       Airstrike         |       |       |    27 ||    27
  Use: Potion            |       |     3 |     1 ||     4
       Scroll            |       |     2 |       ||     2
 Stab: Sleeping          |     1 |       |       ||     1
Armor: Robe              |     1 |     4 |     6 ||    11
Dodge: Dodged            |    18 |    23 |    31 ||    72
